 Dungeon Sprint DCSS version 0.31-a0-210-gccc998df9b (webtiles) character file.

Game seed: 13609994623539636596

262 123456 the Protected (level 6, -11/63 HPs)
             Began as a Minotaur Fighter on June 30, 2023.
             Was an Initiate of Gozag.
             Mangled by a giant anaconda (13 damage)
             ... in the Dungeon (Sprint VI: "Thunderdome").
             The game lasted 00:05:48 (580 turns).

123456 the Protected (Minotaur Fighter)              Turns: 580, Time: 00:05:48

Health: -11/63     AC:  8    Str: 35    XL:     6   Next: 32%
Magic:  5/5        EV:  7    Int:  5    God:    Gozag
Gold:   493        SH:  6    Dex: 15    Spells: 5/5 levels left

rFire   . . .        v - +0 demon whip (heavy)
rCold   . . .        c - +0 buckler
rNeg    . . .        b - +0 scale mail
rPois   +            (helmet restricted)
rElec   .            (no cloak)
rCorr   .            (no gloves)
SInv    .            (no boots)
Will    .....        s - amulet of Midwinter {+Inv rPois Regen+ Str+3} Stlth
                     o - ring "Bexoko Ulocs" {Str+7 Slay+4}
HPRegen 1.10/turn    q - ring of Spite {*Corrode AC+4 Str+3 Dex+5}
MPRegen 0.09/turn

%: no teleportation, corrode self (3%)
@: corroded, constricted
A: horns 2, retaliatory headbutt
a: Renounce Religion, Evoke Invisibility, Potion Petition, Call Merchant, Bribe
Branch


You were in the Dungeon.
You worshipped Gozag.
Gozag was aware of your devotion.
You visited 1 branch You collected 1413 gold pieces.
You spent 920 gold pieces at shops.

Inventory:

Hand Weapons
 a - a +0 flail
 v - a +0 heavy demon whip (weapon)
Missiles
 u - 14 stones (quivered)
Armour
 b - a +0 scale mail (worn)
 c - a +0 buckler (worn)
Jewellery
 o - the ring "Bexoko Ulocs" (left hand) {Str+7 Slay+4}
   (You bought it in a shop in the Dungeon)

   [ring of slaying]

   Str:       It affects your strength (+7).
   Slay:      It affects your accuracy & damage with ranged weapons and melee
   (+4).
 p - the amulet "Hacal" {Spirit Harm Fly rF+ Stlth+}
   (You bought it in a shop in the Dungeon)

   [amulet of guardian spirit]

   It causes incoming damage to be divided between your reserves of health and
   magic.
   rF:        It protects you from fire.
   Fly:       It grants you flight.
   Harm:      It increases damage dealt and taken.
   Stlth:     It makes you more stealthy.
 q - the ring of Spite (right hand) {*Corrode AC+4 Str+3 Dex+5}
   (You bought it in a shop in the Dungeon)

   [ring of protection]

   AC:        It affects your AC (+4).
   Str:       It affects your strength (+3).
   Dex:       It affects your dexterity (+5).
   *Corrode:  It may corrode you when you take damage.
 r - the amulet "Ohoitz" {rF+ Regen+ Dex+3}
   (You bought it in a shop in the Dungeon)

   [amulet of regeneration]

   Dex:       It affects your dexterity (+3).
   rF:        It protects you from fire.
   Regen:     It increases your rate of health regeneration.
 s - the amulet of Midwinter (around neck) {+Inv rPois Regen+ Str+3}
   (You bought it in a shop in the Dungeon)

   [amulet of regeneration]

   Str:       It affects your strength (+3).
   rPois:     It protects you from poison.
   +Inv:      It lets you turn invisible.
   Regen:     It increases your rate of health regeneration.
Wands
 k - a wand of light (3)
 l - a wand of roots (5)
Scrolls
 j - 4 scrolls of blinking
 m - 3 scrolls of fog
Potions
 d - a potion of might
 e - a potion of curing
 f - 5 potions of heal wounds
 g - 4 potions of haste
 h - 2 potions of magic
 i - a potion of berserk rage
 n - a potion of resistance


   Skills:
 + Level 9.3 Fighting
 + Level 6.6 Maces & Flails
 + Level 9.8 Armour
 + Level 0.5 Dodging
 + Level 9.0 Shields


You had 5 spell levels left.
You didn't know any spells.
Your spell library was empty.

Dungeon Overview and Level Annotations

Branches:
Dungeon (1/1)

Altars:
Cheibriados
Dithmenos
Fedhas
Gozag
Kikubaaqudgha
Makhleb
Okawaru
Qazlal
Ru
Sif Muna
Trog
Uskayaw
Vehumet
Wu Jian
Xom
Yredelemnul
Zin
The Shining One
Lugonu

Shops:
D *[??*?*:[((!!!!


Innate Abilities, Weirdness & Mutations

You have a pair of horns on your head.
You reflexively headbutt those who attack you in melee.


Message History

You barely miss the giant anaconda. You headbutt the giant anaconda!
The giant anaconda is lightly wounded.
The giant anaconda closely misses you. The giant anaconda constricts you.
The giant anaconda bites you. The giant anaconda constricts you.
You closely miss the giant anaconda.
Your headbutt misses the giant anaconda.
The giant anaconda is lightly wounded.
The giant anaconda bites you but does no damage.
The giant anaconda constricts you. The giant anaconda barely misses you.
The giant anaconda constricts you.
You barely miss the giant anaconda.
The giant anaconda is lightly wounded.
The giant anaconda bites you. The giant anaconda constricts you.
The giant anaconda bites you but does no damage.
The giant anaconda constricts you.
You thrash the giant anaconda!! You headbutt the giant anaconda.
The giant anaconda is moderately wounded.
The giant anaconda bites you. The giant anaconda constricts you.
The giant anaconda bites you.
Your corrosive artefact corrodes you!
The giant anaconda constricts you.
You thrash the giant anaconda!!
The giant anaconda is heavily wounded.
The giant anaconda bites you but does no damage.
The giant anaconda constricts you. The giant anaconda bites you.
The giant anaconda constricts you. The giant anaconda bites you!
* * * LOW HITPOINT WARNING * * *
The giant anaconda constricts you.
* * * LOW HITPOINT WARNING * * *
Aiming: Bolt of Light
Press: ? - help, Shift-Dir - straight line, f - giant anaconda
Aim: a giant anaconda (heavily wounded, constricting you, 50% to hit)
The bolt of light hits the giant anaconda!
The giant anaconda is severely wounded.
The giant anaconda is blinded.
The giant anaconda bites you.
* * * LOW HITPOINT WARNING * * *
The giant anaconda constricts you.
* * * LOW HITPOINT WARNING * * *
The giant anaconda bites you!
You die...
Your body crumbles into a pile of gold.

##### ##⌠⌠⌠## #.....# ##.....##
##∩.....∩## #∩.......∩#
#_......._# #_........#
#....S@.._# ###.........###
#⌠.........$.⌠#
######.8.........8.######
##._._......###......___∩##
###∩........8.# #.8........∩###
#.............###.)...))$.....##
⌠[.........###...###...$......⌠#
⌠..........# #.<.# #..........⌠#


You could see a giant anaconda (blind).

Vanquished Creatures
  2 water moccasins (D)
  A phantom (D)
  A jelly (D)
  Terence (D)
  An adder (D)
  A hobgoblin (D)
  3 ball pythons (D)
  8 kobolds (D)
18 creatures vanquished.

Vanquished Creatures (others)
  4 kobolds (D)
4 creatures vanquished.

Grand Total: 22 creatures vanquished

Notes
Turn   | Place    | Note
-------+----------+-------------------------------------------
     0 | D        | 123456 the Minotaur Fighter began the quest for the Orb.
     0 | D        | Reached XP level 1. HP: 19/19 MP: 0/0
     2 | D        | Found a bloodstained altar of Trog.
     2 | D        | Found a snail-covered altar of Cheibriados.
     3 | D        | Found a blossoming altar of Fedhas.
     4 | D        | Found an ancient bone altar of Kikubaaqudgha.
     4 | D        | Found a burning altar of Makhleb.
     5 | D        | Found an iron altar of Okawaru.
     5 | D        | Found Boewupn's Staff Store.
     5 | D        | Found Tauzutra's Magic Scroll Shop.
     5 | D        | Round 1.
     6 | D        | Found Wulozxops's Must-Have Magic.
     6 | D        | Found Caotosch's Magic Scroll Shop.
    22 | D        | Noticed a phantom
    25 | D        | Found a radiant altar of Vehumet.
    27 | D        | Found a shadowy altar of Dithmenos.
    30 | D        | Killed a phantom
    31 | D        | Reached XP level 2. HP: 30/30 MP: 1/1
    31 | D        | Reached XP level 3. HP: 37/37 MP: 2/2
    31 | D        | Found Gegusarr's Jewellery.
    31 | D        | Found Vuozah's Advanced Armour.
    32 | D        | Found an opulent altar of Gozag.
    32 | D        | Found a glowing golden altar of the Shining One.
    32 | D        | Found a stormy altar of Qazlal.
    32 | D        | Found Ufoac's Identification Station.
    36 | D        | Found a basalt altar of Yredelemnul.
    40 | D        | Became a worshipper of Gozag Ym Sagoz the Greedy
    42 | D        | Reached XP level 4. HP: 45/45 MP: 3/3
    54 | D        | Noticed Terence
    55 | D        | Bought a shimmering bone ring for 45 gold pieces
    55 | D        | Identified the ring "Bexoko Ulocs" {Str+7 Slay+4} (You
                  | bought it in a shop in the Dungeon)
    55 | D        | Bought a brightly glowing bronze amulet for 45 gold pieces
    55 | D        | Identified the amulet "Hacal" {Spirit Harm Fly rF+ Stlth+}
                  | (You bought it in a shop in the Dungeon)
    55 | D        | Bought a pitted jade ring for 45 gold pieces
    55 | D        | Identified the ring of Spite {*Corrode AC+4 Str+3 Dex+5}
                  | (You bought it in a shop in the Dungeon)
    58 | D        | Killed Terence
    63 | D        | Bought a sparkling diamond amulet for 45 gold pieces
    63 | D        | Identified the amulet "Ohoitz" {rF+ Regen+ Dex+3} (You
                  | bought it in a shop in the Dungeon)
    68 | D        | Bought a translucent silver amulet for 45 gold pieces
    68 | D        | Identified the amulet of Midwinter {+Inv rPois Regen+
                  | Str+3} (You bought it in a shop in the Dungeon)
    83 | D        | Found a glowing silver altar of Zin.
   106 | D        | Found Eneiruby's Premium Goods.
   107 | D        | Found Kyduunt's Miscellaneous Merchandise.
   107 | D        | Found Kudius's Basic Armour.
   108 | D        | Found an ornate altar of the Wu Jian Council.
   108 | D        | Found a sacrificial altar of Ru.
   108 | D        | Found Larorake's Weapon Rack.
   137 | D        | Found a shimmering altar of Xom.
   138 | D        | Found a corrupted altar of Lugonu.
   139 | D        | Found a shimmering blue altar of Sif Muna.
   140 | D        | Found Yrasu's Do-It-Yourself Clinic.
   140 | D        | Found a hide-covered altar of Uskayaw.
   140 | D        | Found Gukkut's Distillery.
   141 | D        | Found Ophigem's Bottled Wisdom.
   141 | D        | Found Mis Etit's Distillery.
   161 | D        | Arena points: 14 (+14) [x2]
   177 | D        | Bought a scroll of brand weapon for 95 gold pieces
   178 | D        | Bought a scroll of brand weapon for 95 gold pieces
   197 | D        | Bought a potion of heal wounds for 35 gold pieces
   197 | D        | Round 2.
   246 | D        | Noticed a water moccasin
   255 | D        | Killed a water moccasin
   256 | D        | Reached skill level 5 in Maces & Flails
   256 | D        | Reached XP level 5. HP: 38/56 MP: 4/4
   274 | D        | Noticed a water moccasin
   279 | D        | Killed a water moccasin
   280 | D        | Reached XP level 6. HP: 63/63 MP: 5/5
   319 | D        | Arena points: 50 (+36) [x3]
   376 | D        | Round 3.
   405 | D        | Bought 7 stones for 10 gold pieces
   438 | D        | Arena points: 122 (+72) [x4]
   453 | D        | Round 4.
   463 | D        | Bought 2 stones for 3 gold pieces
   463 | D        | Bought 5 stones for 7 gold pieces
   494 | D        | Bought a +0 demon whip for 450 gold pieces
   531 | D        | Arena points: 262 (+140) [x5]
   567 | D        | Round 5.
   570 | D        | Noticed a giant anaconda
   580 | D        | HP: 2/63 [constriction (2)]
   580 | D        | Mangled by a giant anaconda

Illustrated notes

Levels and vault maps discovered:
D:        arena_sprint

Skill      XL: |  1  2  3  4  5 |
---------------+----------------+-----
Fighting       | 6 8 9 |  9.3
Maces & Flails | 3 5 6 |  6.6
Armour         | 6 8 9 |  9.8
Shields        | 6 8 9 |  9.0
Dodging        | |  0.5

Action                     |  1- 3 |  4- 6 || total
---------------------------+-------+-------++-------
  Melee: Flail             |     4 |    20 ||    24
         Headbutt          |     2 |     6 ||     8
         Demon whip        |       |     7 ||     7
  Throw: Stone             |       |    13 ||    13
  Evoke: Wand              |       |     2 ||     2
    Use: Scroll            |       |     2 ||     2
 Armour: Scale mail        |     5 |    13 ||    18
  Dodge: Dodged            |     3 |    16 ||    19
  Block: Buckler           |       |     6 ||     6

Table legend: (Time is in decaauts)
 A = Elapsed time spent in this place.
 B = Non-inter-level travel time spent in this place.
 C = Inter-level travel time spent in this place.
 D = Time resting spent in this place.
 E = Time spent auto-exploring this place.
 F = Levels seen in this place.
 G = Mean time per level.
                   A        B        C        D        E       F      G
               +--------+--------+--------+--------+--------+-----+--------+
         Total |    586 |    585 |      1 |     98 |     75 |   1 |  586.0 |
       Dungeon |    586 |    585 |      1 |     98 |     75 |   1 |  586.0 |
               +--------+--------+--------+--------+--------+-----+--------+

Top non-repeatable levels by time:
       D: 586 daAuts
